 Dungeon Crawl Stone Soup version 0.23-a0-49-gd9f7a49668 (webtiles) character file.

1719 Nilun the Chopper (level 9, 0/45 HPs)
             Began as a Vine Stalker Fighter on Aug 7, 2018.
             Was a Priest of Makhleb.
             Slain by a killer bee zombie (2 damage)
             ... on level 7 of the Dungeon.
             The game lasted 00:24:15 (5886 turns).

Nilun the Chopper (Vine Stalker Fighter)            Turns: 5886, Time: 00:24:15

Health: 0/45       AC:  6    Str: 21    XL:     9   Next: 4%
Magic:  0/12       EV:  8    Int:  8    God:    Makhleb [***...]
Gold:   323        SH: 10    Dex: 15    Spells: 8/8 levels left

rFire    . . .     SeeInvis .   a - +0 war axe
rCold    + . .     Gourm    .   c - +0 shield
rNeg     . . .     Faith    .   b - +0 scale mail
rPois    .         Spirit   +   (no helmet)
rElec    .         Reflect  .   (no cloak)
rCorr    .         Harm     .   (no gloves)
MR       +....                  (no boots)
Stlth    ..........             (no amulet)
HPRegen  0.55/turn              h - ring of protection from cold
MPRegen  0.13/turn              (no ring)

@: lethally poisoned (0 -> 0), about to teleport, drained
A: fangs 3, regeneration 1, magic shield, antimagic bite, no potion heal 3, rot
immunity
a: Minor Destruction, Lesser Servant of Makhleb, Renounce Religion


You were on level 7 of the Dungeon.
You worshipped Makhleb.
Makhleb was most pleased with you.
You were not hungry.

You visited 1 branch of the dungeon, and saw 7 of its levels.
You also visited: Sewer.

You collected 323 gold pieces.

Inventory:

Hand Weapons
 a - a +0 war axe (weapon)
Armour
 b - a +0 scale mail (worn)
 c - a +0 shield (worn)
Jewellery
 h - a ring of protection from cold (left hand)
 t - an uncursed ring of fire
 u - an uncursed ring of poison resistance {unknown}
Wands
 d - a wand of polymorph (11)
 w - a wand of acid (6)
 F - a wand of enslavement (13)
Scrolls
 g - 4 scrolls of identify
 i - a scroll of immolation
 m - 10 scrolls of teleportation
 q - 2 scrolls of remove curse
 r - 2 scrolls of fear
 s - 2 scrolls of amnesia
 y - 4 scrolls of magic mapping {unknown}
Potions
 e - 4 potions of degeneration {unknown}
 j - 4 potions of haste {unknown}
 k - a potion of resistance {unknown}
 l - a potion of cancellation {unknown}
 o - a potion of ambrosia {unknown}
 p - 2 potions of magic {unknown}
 v - a potion of mutation {unknown}
 z - 2 potions of flight {unknown}
 A - 2 potions of heal wounds {unknown}
 B - 3 potions of brilliance {unknown}
 C - 3 potions of might
 E - 2 potions of curing {unknown}
Comestibles
 f - 11 rations
 D - a chunk of flesh


   Skills:
 + Level 4.2(3.5) Fighting
 + Level 6.7(5.9) Axes
 + Level 4.3(3.5) Armour
 + Level 1.7(1.0) Dodging
 + Level 0.6(0.0) Stealth
 + Level 4.8(4.0) Shields
 * Level 3.7(2.9) Invocations


You had 8 spell levels left.
You didn't know any spells.
Your spell library was empty.

Dungeon Overview and Level Annotations

Branches:
Dungeon (7/15)             Temple (0/1) D:7

Altars:
Elyvilon
Gozag
Makhleb
Nemelex Xobeh
Okawaru
Qazlal

Shops:
D:6 *:


Innate Abilities, Weirdness & Mutations

You have razor-sharp teeth.
Your natural rate of healing is unusually fast.
When hurt, damage is shared between your health and your magic reserves.
Your bite disrupts and absorbs the magic of your enemies.
Potions cannot restore your health.
You are immune to rotting.


Message History

The wight hits you with an enchanted dagger.
* * * LOW HITPOINT WARNING * * *
The wight completely misses you. The killer bee zombie hits you.
* * * LOW HITPOINT WARNING * * *
As you read the scroll labeled EZUFED GUAF, it crumbles to dust.
You assume a fearsome visage.
The leopard gecko skeleton is unaffected.
The adder looks frightened!
The killer bee zombie is unaffected.
The ogre looks frightened!
The wight is unaffected. x3
The shadow imp is unaffected.
It was a scroll of fear.
You block the killer bee zombie's attack.
You block the wight's attack.
The wight hits you with an enchanted flail!
* * * LOW HITPOINT WARNING * * *
Unknown command.
Okay, then.
As you read the scroll labeled CABRIUPNUM, it crumbles to dust.
It is a scroll of amnesia.
You feel forgetful for a moment.
You feel sick. The killer bee zombie hits you.
You die...

>..............
.....z.....##.#
...........##.#
.....Z.....##.#
.....§§.§..##.#
.....z§5S§.##.#
.....§z§zO§##.#######
.....ZZ@z§...........
.############.#######
#.# ######## # #.#
#......#
#.###.###......#
#..............#
####...........#
#...........#
#.....).....#


You could see an ogre (fleeing), 4 wights, an adder (fleeing), a shadow imp, a
killer bee zombie and a leopard gecko skeleton.

Vanquished Creatures
  Sigmund (D:2)
  An ice beast (D:5)
  2 centaurs
  3 bullfrogs
  2 scorpions
  A howler monkey (D:4)
  A bullfrog zombie (D:6)
  A quasit (D:5)
  2 hounds (D:4)
  A jelly (D:6)
  A bullfrog skeleton (D:5)
  3 orc priests
  Jessica (D:2)
  Natasha (twice) (D:4)
  2 iguanas
  5 orc wizards
  4 worker ants
  A hound skeleton (D:6)
  Robin (D:2)
  3 gnolls (D:3)
  5 river rats
  11 adders
  A shadow imp (D:5)
  2 oozes (Sewer)
  2 worms
  A dart slug (D:1)
  8 leopard geckos
  18 orcs
  12 ball pythons
  11 giant cockroaches
  9 goblins
  7 hobgoblins
  7 jackals
  A quokka (D:2)
  6 bats
  9 frilled lizards
  6 kobolds
  A leopard gecko skeleton (D:6)
  35 rats
190 creatures vanquished.

Notes
Turn   | Place    | Note
-------+----------+-------------------------------------------
     0 | D:1      | Nilun the Vine Stalker Fighter began the quest for the Orb.
     0 | D:1      | Reached XP level 1. HP: 11/11 MP: 2/2
   111 | D:1      | Reached XP level 2. HP: 16/16 MP: 3/3
   416 | D:1      | Reached skill level 2 in Axes
   691 | D:1      | Reached XP level 3. HP: 20/20 MP: 4/4
  1025 | D:2      | Noticed Robin
  1033 | D:2      | Killed Robin
  1203 | D:2      | Noticed Jessica
  1209 | D:2      | Noticed Sigmund
  1210 | D:2      | Killed Jessica
  1210 | D:2      | Gained mutation: Your natural rate of healing is unusually fast. [Vine Stalker growth]
  1210 | D:2      | Reached XP level 4. HP: 19/24 MP: 3/5
  1220 | D:2      | Killed Sigmund
  1220 | D:2      | Reached skill level 3 in Axes
  1220 | D:2      | Reached XP level 5. HP: 3/28 MP: 2/6
  1220 | D:2      | Reached XP level 6. HP: 4/32 MP: 2/7
  1722 | D:2      | Found a burning altar of Makhleb.
  1722 | D:2      | Noticed a blizzard demon
  1726 | D:2      | Noticed a ynoxinul
  1726 | D:2      | Noticed a smoke demon
  1728 | D:2      | Became a worshipper of Makhleb the Destroyer
  1781 | D:2      | Reached skill level 4 in Axes
  1984 | D:3      | Found a stormy altar of Qazlal.
  2310 | D:3      | Reached * piety under Makhleb
  2448 | D:4      | Reached skill level 1 in Invocations
  2448 | D:4      | Reached XP level 7. HP: 17/36 MP: 5/8
  2594 | D:4      | Reached skill level 5 in Axes
  2724 | D:4      | Reached skill level 1 in Dodging
  2896 | D:4      | Noticed Natasha
  2904 | D:4      | Killed Natasha
  3441 | D:4      | Noticed Natasha
  3447 | D:4      | Killed Natasha
  3645 | D:5      | Entered Level 5 of the Dungeon
  3725 | D:5      | Gained mutation: You have razor-sharp teeth. [Vine Stalker growth]
  3725 | D:5      | Reached XP level 8. HP: 30/42 MP: 8/10
  4084 | D:5      | Found a glowing drain.
  4092 | Sewer    | Entered a sewer
  4117 | Sewer    | Reached ** piety under Makhleb
  4549 | D:5      | Reached skill level 6 in Axes
  5053 | D:6      | Found Ywec's Book Shop.
  5072 | D:6      | Reached *** piety under Makhleb
  5084 | D:6      | Found a white marble altar of Elyvilon.
  5094 | D:6      | Found an iron altar of Okawaru.
  5094 | D:6      | Found a sparkling altar of Nemelex Xobeh.
  5392 | D:6      | Reached XP level 9. HP: 45/45 MP: 10/12
  5587 | D:6      | Found an opulent altar of Gozag.
  5591 | D:6      | Found Gozag's Platinum Reserve.
  5803 | D:7      | Found a staircase to the Ecumenical Temple.
  5885 | D:7      | HP: 2/45 [wight/enchanted flail (7)]
  5886 | D:7      | Slain by a killer bee zombie

Vault maps used:
D:1:      grunt_arrival_lava_bath, minmay_distorted
D:2:      minmay_roachtagon, first_ration, makhleb_altar_promises_db,
          uniq_jessica, uniq_robin, uniq_sigmund
D:3:      grunt_qazlal_clouds
D:4:      uniq_natasha
D:5:      lightli_sewer_entry_pipes
D:6:      grunt_temple_overflow_open, nicolae_gozag_zags_fifth_avenue,
          serial_shops, shop
D:7:      lemuel_temple_firewalk_b, serial_shops, kennysheep_mini
Sewer:    sewer_minmay_w

Skill      XL: |  1  2  3  4  5  6  7  8 |
---------------+-------------------------+-----
Fighting       | 3 4 |  4.2
Axes           | 2 3 4 5 6 |  6.7
Shields        | 3 4 |  4.8
Armour         | 3 4 |  4.3
Invocations    | 1 2 3 |  3.7
Dodging        | 1 |  1.7
Stealth        | |  0.6

Action                   |  1- 3 |  4- 6 |  7- 9 || total
-------------------------+-------+-------+-------++-------
Melee: War axe           |    74 |   129 |   307 ||   510
       Bite              |    14 |    38 |    81 ||   133
       Unarmed           |       |     7 |       ||     7
  Use: Potion            |       |     1 |       ||     1
       Scroll            |       |       |     8 ||     8
  Eat: Chunk             |     1 |     4 |    12 ||    17
Armor: Scale mail        |    25 |    50 |   120 ||   195
Dodge: Dodged            |    12 |    62 |   103 ||   177
Block: Shield            |    36 |    66 |   184 ||   286

Table legend:
 A = Spawn XP
 B = Non-spawn XP
 C = Spawn XP percentage of total XP
 D = Spawn monster count
 E = Non-spawn monster count
 F = Spawn count percentage of total count
 G = Total turns spent on level
                    A         B        C        D         E        F      G
               +---------+---------+-------+---------+---------+-------+---------
         Total |       0 |    2456 |   0.0 |       0 |     190 |   0.0 |  5886
               +---------+---------+-------+---------+---------+-------+---------
           D:1 |       0 |      37 |   0.0 |       0 |      24 |   0.0 |  1008
           D:2 |       0 |     429 |   0.0 |       0 |      35 |   0.0 |   920
           D:3 |       0 |      97 |   0.0 |       0 |      25 |   0.0 |   497
           D:4 |       0 |     481 |   0.0 |       0 |      19 |   0.0 |  1220
           D:5 |       0 |     537 |   0.0 |       0 |      18 |   0.0 |   961
           D:6 |       0 |     505 |   0.0 |       0 |      19 |   0.0 |   767
           D:7 |       0 |      46 |   0.0 |       0 |       2 |   0.0 |    94
         Sewer |       0 |     324 |   0.0 |       0 |      48 |   0.0 |   419
               +---------+---------+-------+---------+---------+-------+---------
